 Dungeon Crawl Stone Soup version 0.32-a0-779-g362cfcae2a (webtiles) character file.

Game seed: 5987465863859883821

298 kae the Slasher (level 6, 0/39 HPs)
             Began as a Coglin Gladiator on Mar 19, 2024.
             Succumbed to an adder's poison
             ... in a sewer.
             The game lasted 00:02:21 (2295 turns).

kae the Slasher (Coglin Gladiator)                  Turns: 2295, Time: 00:02:22

Health: 0/39       AC:  4    Str: 14    XL:     6   Next: 36%
Magic:  6/6        EV:  1    Int:  8    God:
Gold:   46         SH:  0    Dex: 17    Spells: 5/5 levels left

rFire   . . .        a - +0 long sword {Xiuying}
rCold   . . .        f - +0 dagger {Shi}
rNeg    . . .        b - +0 leather armour
rPois   .            c - +0 helmet
rElec   .            (no cloak)
rCorr   .            (no gloves)
SInv    .            (no boots)
Will    .....        (amulet unavailable)
Stlth   +            (ring unavailable)
HPRegen 0.26/turn    (ring unavailable)
MPRegen 0.10/turn    (no gizmo)

%: no passive effects
@: mighty, lethally poisoned (0 -> -3), constricted, revved
A: off-hand wielding, slow wielding, warmup strikes, no jewellery, frail 1
a: Invent Gizmo


You were in a sewer.
You visited 1 branch of the dungeon, and saw 3 of its levels.
You also visited: Sewer.

You collected 46 gold pieces.


Innate Abilities, Weirdness & Mutations

You can wield a second weapon in your off-hand.
It takes a long time for you to wield or remove held weapons.
Your first few attacks do less damage.
You cannot equip rings or amulets.
You are frail. (-10% HP)


   Skills:
 - Level 2.0 Fighting
 + Level 6.9 Long Blades
 - Level 1.7 Throwing
 - Level 2.6 Dodging


You had 5 spell levels left.
You didn't know any spells.
Your spell library was empty.

Inventory:

Hand Weapons
 a - a +0 long sword (weapon) {Xiuying}
 f - a +0 dagger (offhand) {Shi}
Missiles
 d - 3 throwing nets (quivered) {=f!f}
 e - a javelin
 i - 7 stones
 l - 6 poisoned darts
 n - 5 curare-tipped darts {=f}
Armour
 b - a +0 leather armour (worn)
 c - a +0 helmet (worn)
Magical Staves
 g - a staff of alchemy {!a}
   (You found it on level 1 of the Dungeon)
Jewellery
 N - a ring of positive energy
   (You found it on level 1 of the Dungeon)
 W - a ring of magical power
   (You took it off a hobgoblin on level 2 of the Dungeon)
Potions
 h - 2 potions of mutation {!q}
 o - a potion of brilliance

Dungeon Overview and Level Annotations

Branches:
Dungeon (3/15) Zot: 16289   Sewer (1/1) Zot: 5354

Altars:

Annotations:
D:2 Sigmund

...~.# #....
.# ~≈≈~≈#
#~≈≈~ ~#
≈≈~~~# #≈~~~
~# ≈≈≈~~#
#≈≈~S≈≈#
≈~~~≈#
#≈≈~~≈≈#
~~~≈≈#
#≈§§~#≈#
~~≈≈≈#
#≈§~§§§#
~~≈≈≈#
#≈§≈§SS#
..~†≈#
#≈≈§S@S#
~...≈#
#≈≈§S§§#
.~.~≈#
#≈≈§§#§#
≈~~~~#
#≈~~~~≈#
≈≈≈≈~#
#≈≈~~~≈#
≈~~~≈#
#≈≈~≈~≈#
~~~~≈#
#≈~~≈≈≈#
~~~≈≈#
#####≈~~≈~~#
....##
#..##.~~.~##


You could see 3 adders and 2 ball pythons.


Message History

You completely miss the bullfrog with your +0 long sword.
You hit the bullfrog but do no damage. The bullfrog hits you.
The adder bites you but does no damage.
An adder comes into view.
The ball python closely misses you. The ball python barely misses you.
The bullfrog hits you.
* * * LOW HITPOINT WARNING * * *
😨 HP[-9]
You take 9 damage, and now have 18/38 hp.
MASSIVE DAMAGE!! (PAUSE)
The adder hisses angrily.
You hit the bullfrog with your +0 long sword.
You closely miss the bullfrog with your +0 dagger.
The adder closely misses you.
The bullfrog hits you but does no damage.
The ball python completely misses you. The ball python closely misses you.
A bullfrog comes into view.
The adder closely misses you. 😨 HP[+1] Unknown command.
The bullfrog croaks.
You hit the bullfrog but do no damage.
You hit the bullfrog with your +0 long sword.
The bullfrog completely misses you. The adder bites you but does no damage.
The ball python closely misses you. x2; The adder bites you.
* * * LOW HITPOINT WARNING * * *
😨 HP[-1]
You take 1 damage, and now have 18/38 hp.
Unknown command.
The ball python hisses angrily.
You hit the bullfrog with your +0 dagger.
You slash the bullfrog with your +0 long sword!
You kill the bullfrog!
The adder barely misses you.
The ball python bites you but does no damage.
The adder closely misses you. The adder bites you but does no damage.
You have reached level 6! 😨 HP[+3] MP[+1]
You now have 44 max hp (+6).
You regained 3 hp, and now have 21/44 hp.
Your mp is fully restored (6).
As you read the scroll labelled QUSASIA CIARAISS, it dissolves into smoke.
It was a scroll of fog.
The ball python bites you but does no damage.
The ball python misses you. The adder bites you but does no damage.
The adder bites you.
* * * LOW HITPOINT WARNING * * *
😨 HP[-1]
You take 1 damage, and now have 20/44 hp.
You feel very mighty all of a sudden.
The bullfrog hits you but does no damage.
The ball python bites you.
* * * LOW HITPOINT WARNING * * *
The adder bites you but does no damage. The adder bites you.
* * * LOW HITPOINT WARNING * * *
You are poisoned.
The adder poisons you! The bullfrog closely misses you.
The adder bites you but does no damage. 😨 HP[-3]
You take 3 damage, and now have 17/44 hp.
You hit the bullfrog with your +0 dagger.
You barely miss the bullfrog with your +0 long sword.
You feel sick. The adder closely misses you. The ball python barely misses you.
The ball python grabs you. The ball python constricts you.
* * * LOW HITPOINT WARNING * * *
The bullfrog hits you but does no damage.
The adder bites you.
* * * LOW HITPOINT WARNING * * *
The adder bites you.
* * * LOW HITPOINT WARNING * * *
You slice the bullfrog with your +0 long sword!!
You kill the bullfrog!
You feel sick. The adder bites you.
* * * LOW HITPOINT WARNING * * *
The ball python bites you but does no damage.
The ball python constricts you. The adder bites you but does no damage.
The adder bites you.
* * * LOW HITPOINT WARNING * * *
You are lethally poisoned!
The adder poisons you!
The ball python bites you but does no damage. 😱 HP[-13]
You take 13 damage, and now have 4/44 hp.
MASSIVE DAMAGE!! (PAUSE)
You feel extremely strange.
You feel frail.
* * * LOW HITPOINT WARNING * * *
You feel sick. The adder barely misses you.
The ball python bites you but does no damage.
The ball python constricts you.
The adder bites you but does no damage. x2
The ball python bites you.
* * * LOW HITPOINT WARNING * * *
The adder bites you but does no damage. 😱 HP[-3]
You now have 39 max hp (-5).
Unknown command.
You barely miss the adder with your +0 long sword.
You hit the adder with your +0 dagger.
You die...

Skill      XL: |  1  2  3  4  5 |
---------------+----------------+-----
Long Blades    | 4 5 6 |  6.9
Fighting       | |  2.0
Throwing       | |  1.7
Dodging        | |  2.6

Action                     |  1- 3 |  4- 6 || total
---------------------------+-------+-------++-------
  Melee: Long sword        |    54 |    84 ||   138
         Dagger            |    47 |    78 ||   125
    Use: Scroll            |       |    10 ||    10
         Potion            |       |     4 ||     4
   Stab: Sleeping          |     1 |     1 ||     2
 Armour: Leather armour    |    22 |    96 ||   118
  Dodge: Dodged            |    30 |    86 ||   116

Levels and vault maps discovered:
D:1:      dpeg_arrival_rhombus, layout_basic
D:2:      layout_basic, ebering_ecumenical_altar_abandoned, uniq_terence,
          uniq_sigmund
D:3:      layout_loops_ring, chequers_temple_overflow_statue_of_worship,
          lemuel_doored_altar, gup_sewer_entry_bowl, minmay_misc_feat_pillars
Sewer:    sewer_minmay_w

Notes
Turn   | Place    | Note
-------+----------+-------------------------------------------
     0 | D:1      | kae the Coglin Gladiator began the quest for the Orb.
     0 | D:1      | Reached XP level 1. HP: 16/16 MP: 1/1
     0 | D:1      | magus.rc [v1.11.3]
   172 | D:1      | Reached XP level 2. HP: 12/22 MP: 2/2
   686 | D:2      | Noticed Terence
   696 | D:2      | Killed Terence
   697 | D:2      | Reached skill level 4 in Long Blades
   697 | D:2      | Reached XP level 3. HP: 10/27 MP: 3/3
   941 | D:2      | Reached skill level 5 in Long Blades
   941 | D:2      | Reached XP level 4. HP: 17/33 MP: 4/4
  1008 | D:2      | Noticed Sigmund
  1011 | D:2      | Found a faded altar of an unknown god.
  1699 | D:3      | Found a glowing drain.
  1703 | Sewer    | Entered a sewer
  1741 | Sewer    | HP: 5/33 [river rat (7)]
  1746 | Sewer    | HP: 3/33 [river rat (2)]
  1748 | Sewer    | Reached XP level 5. HP: 3/38 MP: 5/5
  1755 | Sewer    | HP: 3/38 [rat (2)]
  2128 | Sewer    | Reached skill level 6 in Long Blades
  2290 | Sewer    | Reached XP level 6. HP: 21/44 MP: 6/6
  2293 | Sewer    | HP: 11/44 [poisoned by an adder]
  2293 | Sewer    | HP: 4/44 [adder (3)]
  2294 | Sewer    | Gained mutation: You are frail. (-10% HP) [potion of
                  | mutation]
  2294 | Sewer    | HP: 1/39 [ball python (1)]
  2295 | Sewer    | Succumbed to an adder's poison

Vanquished Creatures
  2 bullfrogs (Sewer)
  Terence (D:2)
  An iguana (D:2)
  3 adders
  4 river rats (Sewer)
  7 endoplasms
  3 giant cockroaches
  4 goblins
  5 hobgoblins
  4 quokkas
  10 ball pythons
  2 bats (D:1)
  3 frilled lizards
  10 rats
59 creatures vanquished.

Table legend:
 A = Non-vault XP
 B = Vault XP
 C = Vault XP percentage of total XP
 D = Non-vault monster count
 E = Vault monster count
 F = Vault count percentage of total count
                 A         B        C        D         E       F
            +---------+---------+-------+---------+---------+-------
      Total |      99 |     328 |  76.8 |      31 |      28 |  47.5
            +---------+---------+-------+---------+---------+-------
        D:1 |      26 |       0 |   0.0 |      15 |       0 |   0.0
        D:2 |      65 |      36 |  35.6 |      12 |       1 |   7.7
        D:3 |       8 |       7 |  46.7 |       4 |       4 |  50.0
      Sewer |       0 |     285 | 100.0 |       0 |      23 | 100.0
            +---------+---------+-------+---------+---------+-------

Skill      XL: |  1  2  3  4  5 |
---------------+----------------+-----
Long Blades    | 4 5 6 |  6.9
Fighting       | |  2.0
Throwing       | |  1.7
Dodging        | |  2.6

Action                     |  1- 3 |  4- 6 || total
---------------------------+-------+-------++-------
  Melee: Long sword        |    54 |    84 ||   138
         Dagger            |    47 |    78 ||   125
    Use: Scroll            |       |    10 ||    10
         Potion            |       |     4 ||     4
   Stab: Sleeping          |     1 |     1 ||     2
 Armour: Leather armour    |    22 |    96 ||   118
  Dodge: Dodged            |    30 |    86 ||   116

Illustrated notes

Table legend:
 A = Kills in this place as a percentage of kills in the entire game.
 B = Kills by you in this place as a percentage of kills by you in the entire game.
 C = Kills by friends in this place as a percentage of kills by friends in the entire game.
 D = Other kills in this place as a percentage of other kills in the entire game.
 E = Experience gained in this place as a percentage of experience gained in the entire game.
 F = Experience gained in this place divided by the number of levels of this place that you have seen.
                   A       B       C       D       E      F
               +-------+-------+-------+-------+-------+----------------------
         Total | 100.0 | 100.0 |   N/A |   N/A | 100.0 | 106.8
       Dungeon |  61.0 |  61.0 |   N/A |   N/A |  33.3 |  47.3
         Sewer |  39.0 |  39.0 |   N/A |   N/A |  66.7 | 285.0
               +-------+-------+-------+-------+-------+----------------------

Table legend: (Time is in decaauts)
 A = Elapsed time spent in this place.
 B = Non-inter-level travel time spent in this place.
 C = Inter-level travel time spent in this place.
 D = Time resting spent in this place.
 E = Time spent auto-exploring this place.
 F = Levels seen in this place.
 G = Mean time per level.
                   A        B        C        D        E       F      G
               +--------+--------+--------+--------+--------+-----+--------+
         Total |   2356 |   2317 |     39 |    373 |   1521 |   4 |  589.0 |
       Dungeon |   1710 |   1671 |     39 |     55 |   1380 |   3 |  570.0 |
         Sewer |    645 |    645 |      0 |    318 |    141 |   1 |  645.0 |
               +--------+--------+--------+--------+--------+-----+--------+

Top non-repeatable levels by time:
     D:2: 963 daAuts
     D:1: 685 daAuts
   Sewer: 645 daAuts
     D:3: 61 daAuts
